FSL
LAKELAND PILOTS @ TAMPA PIRATES
05/11/1982
 
TOP OF THE 1ST
Lakeland Pilots batting - Pitching for Tampa Pirates : RHP Donald VanMarter
Pitching: RHP Donald VanMarter
Batting: LHB Chris Stropolo 0-0: Foul Ball, location: 2F
0-1: Ball
1-1: Ball
2-1: Ball
3-1: Swinging Strike
3-2: Base on Balls
Batting: RHB Dave C Anderson 0-0: Ball
1-0: Ball
2-0: Ball
3-0: Called Strike
3-1: Called Strike
3-2: Foul Ball, location: 2F
3-2: Foul Ball, location: 2F
3-2: Base on Balls
Chris Stropolo to second
Batting: SHB Mike D Young 0-0: Fly out, F8 (Flyball, 8RXD, EV 81.3 MPH)
Runner from 2nd tags up, SAFE at 3rd, no throw by CF
Batting: LHB Mike Laga 0-0: Ball
1-0: Swinging Strike
1-1: Foul Ball, location: 2F
1-2: Strikes out swinging
Batting: RHB Victor Saenz 0-0: Ball
1-0: Ball
2-0: Foul Ball, location: 2F
2-1: Called Strike
2-2: Ground out 6-3 (Groundball, 6MS, EV 83.1 MPH)
Top of the 1st over - 0 runs, 0 hits, 0 errors, 2 left on base; Lakeland 0 - Tampa 0
BOTTOM OF THE 1ST
Tampa Pirates batting - Pitching for Lakeland Pilots : RHP Larry Buckle
Pitching: RHP Larry Buckle
Batting: RHB Erwin Bryant 0-0: Ball
1-0: Foul Ball, location: 2F
1-1: Ball
2-1: Ball
3-1: Ground out 3-1 (Groundball, 34, EV 101.9 MPH)
Batting: RHB Ricky Jones 0-0: Fly out, F9 (Flyball, 9S, EV 88.8 MPH)
Batting: LHB Pedro Nunez 0-0: Swinging Strike
0-1: Foul Ball, location: 2F
0-2: Strikes out looking
Bottom of the 1st over - 0 runs, 0 hits, 0 errors, 0 left on base; Lakeland 0 - Tampa 0
TOP OF THE 2ND
Lakeland Pilots batting - Pitching for Tampa Pirates : RHP Donald VanMarter
Batting: RHB Kevin McGann 0-0: Ball
1-0: Called Strike
1-1: Ball
2-1: Ball
3-1: Base on Balls
Batting: SHB Alphonso Eiland 0-0: Called Strike
0-1: Ball
1-1: Ball
2-1: Ball
3-1: Base on Balls
Kevin McGann to second
Batting: RHB Juan Espino 0-0: Called Strike
0-1: Swinging Strike
0-2: Ball
1-2: Strikes out swinging
Batting: RHB Vernon Armstead 0-0: Foul Ball, location: 2F
0-1: SINGLE (Groundball, 4MD, EV 102.5 MPH)
Kevin McGann to third
Alphonso Eiland to second
Runner from 3rd tries for Home, SAFE, throw by CF to home
Alphonso Eiland to third
Vernon Armstead to second
Batting: LHB Chris Stropolo 0-0: Ball
1-0: Called Strike
1-1: Foul Ball, location: 2F
1-2: Ground out 4-3 (Groundball, 4, EV 80.6 MPH)
Alphonso Eiland scores
Vernon Armstead to third
Batting: RHB Dave C Anderson 0-0: Ball
1-0: SINGLE (Line Drive, 78M, EV 106.9 MPH)
Vernon Armstead scores
Batting: SHB Mike D Young 0-0: Ball
Dave C Anderson steals 2nd base
1-0: Ball
2-0: Called Strike
2-1: Ball
3-1: Called Strike
3-2: Base on Balls
Batting: LHB Mike Laga 0-0: Foul Ball, location: 2F
0-1: Fielders Choice at 2nd, U6 (Groundball, 6M, EV 99.4 MPH)
Top of the 2nd over - 3 runs, 2 hits, 0 errors, 2 left on base; Lakeland 3 - Tampa 0
BOTTOM OF THE 2ND
Tampa Pirates batting - Pitching for Lakeland Pilots : RHP Larry Buckle
Batting: LHB David Frederick 0-0: Ball
1-0: Ball
2-0: Ball
3-0: Called Strike
3-1: Fly out, F8 (Flyball, 8RD, EV 100.6 MPH)
Batting: LHB Alfredo Rodriguez 0-0: Ball
1-0: Ball
2-0: Foul Ball, location: 2F
2-1: Foul Ball, location: 2F
2-2: Ball
3-2: Foul Ball, location: 2F
3-2: Base on Balls
Batting: RHB Rico Sutton 0-0: Ball
Alfredo Rodriguez is caught stealing 2nd base 2-4
1-0: Called Strike
1-1: Called Strike
1-2: Strikes out swinging
Bottom of the 2nd over - 0 runs, 0 hits, 0 errors, 0 left on base; Lakeland 3 - Tampa 0
TOP OF THE 3RD
Lakeland Pilots batting - Pitching for Tampa Pirates : RHP Donald VanMarter
Batting: RHB Victor Saenz 0-0: Called Strike
0-1: Fly out, F9 (Flyball, 9, EV 90.6 MPH)
Batting: RHB Kevin McGann 0-0: Swinging Strike
0-1: Called Strike
0-2: Strikes out swinging
Batting: SHB Alphonso Eiland 0-0: Called Strike
0-1: Swinging Strike
0-2: Foul Ball, location: 2F
0-2: Foul Ball, location: 2F
0-2: Strikes out looking
Top of the 3rd over - 0 runs, 0 hits, 0 errors, 0 left on base; Lakeland 3 - Tampa 0
BOTTOM OF THE 3RD
Tampa Pirates batting - Pitching for Lakeland Pilots : RHP Larry Buckle
Batting: RHB Dale Eiler 0-0: Called Strike
0-1: SINGLE (Flyball, 6D, EV 86.9 MPH)
Batting: RHB Roy Dixon 0-0: Ball
1-0: Foul Ball, location: 2F
1-1: Foul Ball, location: 2F
1-2: Foul Ball, location: 2F
1-2: Strikes out looking
Batting: LHB Charles Rouse 0-0: Called Strike
0-1: Ball
1-1: Fielders Choice at 2nd, 4-6 (Groundball, 4, EV 84.4 MPH)
Batting: RHB Erwin Bryant 0-0: Foul Ball, location: 2F
0-1: Foul Ball, location: 2F
0-2: Ball
1-2: Fly out, F7 (Line Drive, 7D, EV 84.4 MPH)
Bottom of the 3rd over - 0 runs, 1 hit, 0 errors, 1 left on base; Lakeland 3 - Tampa 0
TOP OF THE 4TH
Lakeland Pilots batting - Pitching for Tampa Pirates : RHP Donald VanMarter
Batting: RHB Juan Espino 0-0: Ball
1-0: SINGLE (Groundball, 34D, EV 95.6 MPH)
Batting: RHB Vernon Armstead 0-0: Ball
1-0: Fly out, F3 (Popup, 34S, EV 71.9 MPH)
Batting: LHB Chris Stropolo 0-0: Ball
1-0: Ball
2-0: Ball
3-0: Base on Balls
Juan Espino to second
Batting: RHB Dave C Anderson 0-0: Swinging Strike
0-1: Swinging Strike
0-2: Foul Ball, location: 2F
0-2: Ball
1-2: Ball
2-2: Foul Ball, location: 2F
2-2: Ball
3-2: Base on Balls
Juan Espino to third
Chris Stropolo to second
Batting: SHB Mike D Young 0-0: Ball
Wild Pitch!
Juan Espino scores
Chris Stropolo to third
Dave C Anderson to second
1-0: Foul Ball, location: 2F
1-1: Foul Ball, location: 2F
1-2: Ground out U3 (Groundball, 3, EV 85.6 MPH)
Batting: LHB Mike Laga 0-0: Called Strike
0-1: Ball
1-1: SINGLE (Line Drive, 4MD, EV 101.3 MPH)
Chris Stropolo scores
Dave C Anderson to third
Runner from 3rd tries for Home, SAFE, throw by CF to home
Pitching: LHP George Persandi
Batting: RHB Victor Saenz 0-0: Called Strike
0-1: Ball
1-1: Swinging Strike
1-2: Ball
2-2: Ball
3-2: Base on Balls
Mike Laga to second
Batting: RHB Kevin McGann 0-0: Foul Ball, location: 2F
0-1: Ball
1-1: Ball
2-1: Ground out 5-3 (Groundball, 56, EV 106.3 MPH)
Top of the 4th over - 3 runs, 2 hits, 0 errors, 2 left on base; Lakeland 6 - Tampa 0
BOTTOM OF THE 4TH
Tampa Pirates batting - Pitching for Lakeland Pilots : RHP Larry Buckle
Batting: RHB Ricky Jones 0-0: Ball
1-0: Ball
2-0: Ball
3-0: Called Strike
3-1: Base on Balls
Batting: LHB Pedro Nunez 0-0: Called Strike
0-1: Foul Ball, location: 2F
0-2: Ground out U3 (Groundball, 34S, EV 95.0 MPH)
Ricky Jones to second
Batting: LHB David Frederick 0-0: Ball
Ricky Jones steals 3rd, throwing error, E2
Ricky Jones scores
1-0: SOLO HOME RUN (Flyball, 9D, EV 106.9 MPH), Distance : 392 ft
Batting: LHB Alfredo Rodriguez 0-0: Ball
1-0: Ball
2-0: Ball
3-0: Base on Balls
Batting: RHB Rico Sutton 0-0: Swinging Strike
0-1: SINGLE (Line Drive, 56, EV 96.9 MPH)
Alfredo Rodriguez to second
Runner from 2nd tries for 3rd, SAFE, throw by LF made to third
Batting: RHB Dale Eiler 0-0: Ball
1-0: Called Strike
1-1: Ball
2-1: Ball
3-1: Base on Balls
Rico Sutton to second
Batting: RHB Roy Dixon 0-0: Called Strike
0-1: Called Strike
0-2: Strikes out swinging
Batting: LHB Charles Rouse 0-0: Ground out 6-3 (Groundball, 6S, EV 70.0 MPH)
Bottom of the 4th over - 2 runs, 2 hits, 1 error, 3 left on base; Lakeland 6 - Tampa 2
TOP OF THE 5TH
Lakeland Pilots batting - Pitching for Tampa Pirates : LHP George Persandi
Batting: SHB Alphonso Eiland 0-0: Ball
1-0: Fly out, F9 (Flyball, 9D, EV 79.4 MPH)
Batting: RHB Juan Espino 0-0: Ball
1-0: Swinging Strike
1-1: Called Strike
1-2: Fly out, F8 (Flyball, 8RM, EV 88.8 MPH)
Batting: RHB Vernon Armstead 0-0: SINGLE (Flyball, 5D, EV 96.3 MPH)
Batting: LHB Chris Stropolo 0-0: Ball
1-0: Foul Ball, location: 2F
1-1: Swinging Strike
1-2: Strikes out swinging
Top of the 5th over - 0 runs, 1 hit, 0 errors, 1 left on base; Lakeland 6 - Tampa 2
BOTTOM OF THE 5TH
Tampa Pirates batting - Pitching for Lakeland Pilots : RHP Larry Buckle
Batting: RHB Erwin Bryant 0-0: Ball
1-0: Ground out 5-3 (Groundball, 56, EV 80.0 MPH)
Batting: RHB Ricky Jones 0-0: Ball
1-0: Ball
2-0: SINGLE (Line Drive, 9LS, EV 107.5 MPH)
Batting: LHB Pedro Nunez 0-0: Ball
1-0: Ball
2-0: Fly out, F9 (Flyball, 9, EV 87.5 MPH)
Batting: LHB David Frederick 0-0: Called Strike
0-1: Ball
1-1: Ball
2-1: Ball
3-1: Called Strike
3-2: Reached on error, E4 (Groundball, 34, EV 100.6 MPH)
Ricky Jones to second
Batting: LHB Alfredo Rodriguez 0-0: Ball
1-0: Ground out 4-3 (Groundball, 4S, EV 87.5 MPH)
Bottom of the 5th over - 0 runs, 1 hit, 1 error, 2 left on base; Lakeland 6 - Tampa 2
TOP OF THE 6TH
Lakeland Pilots batting - Pitching for Tampa Pirates : LHP George Persandi
Batting: RHB Dave C Anderson 0-0: SINGLE (Groundball, 56D, EV 100.0 MPH)
Batting: SHB Mike D Young 0-0: Ball
1-0: Ball
2-0: Called Strike
2-1: Called Strike
2-2: Foul Ball, location: 2F
2-2: Fly out, F8 (Flyball, 8LD, EV 105.0 MPH)
Pitching: LHP Mark Riggins
Batting: LHB Mike Laga 0-0: Ball
1-0: Ball
2-0: Ball
3-0: Called Strike
3-1: Swinging Strike
3-2: Strikes out swinging
Batting: RHB Victor Saenz 0-0: Ball
Dave C Anderson steals 2nd base
1-0: Foul Ball, location: 2F
1-1: Reached on error, E6 (Groundball, 6, EV 91.9 MPH)
Dave C Anderson to third
Batting: RHB Kevin McGann 0-0: Ball
1-0: Ball
2-0: Called Strike
2-1: SINGLE (Groundball, 6MD, EV 110.0 MPH)
Dave C Anderson scores
Victor Saenz to second
Runner from 2nd tries for 3rd, SAFE, throw by CF made to third
Batting: SHB Alphonso Eiland 0-0: Called Strike
0-1: Foul Ball, location: 2F
0-2: Fielders Choice at 2nd, 6-4 (Groundball, 6, EV 78.1 MPH)
Top of the 6th over - 1 run, 2 hits, 1 error, 2 left on base; Lakeland 7 - Tampa 2
BOTTOM OF THE 6TH
Tampa Pirates batting - Pitching for Lakeland Pilots : RHP Larry Buckle
Batting: RHB Rico Sutton 0-0: Ball
1-0: Ball
2-0: Ball
3-0: Base on Balls
Batting: RHB Dale Eiler 0-0: Ball
1-0: Ball
2-0: Ball
3-0: Base on Balls
Rico Sutton to second
Batting: RHB Roy Dixon 0-0: Called Strike
0-1: SINGLE (Line Drive, 3D, EV 93.8 MPH)
Rico Sutton to third
Dale Eiler to second
Runner from 3rd tries for Home, SAFE, throw by RF to home
Batting: LHB Charles Rouse 0-0: Ground out 3-1 (Groundball, 34S, EV 85.6 MPH)
Dale Eiler to third
Roy Dixon to second
Batting: RHB Erwin Bryant 0-0: Ball
1-0: Ball
2-0: Ball
3-0: Called Strike
3-1: Fly out, F4 (Popup, 4MD, EV 55.6 MPH)
Batting: RHB Ricky Jones 0-0: Called Strike
0-1: Ground out 4-3 (Groundball, 4, EV 80.0 MPH)
Bottom of the 6th over - 1 run, 1 hit, 0 errors, 2 left on base; Lakeland 7 - Tampa 3
TOP OF THE 7TH
Lakeland Pilots batting - Pitching for Tampa Pirates : LHP Mark Riggins
Batting: RHB Juan Espino 0-0: Ball
1-0: Called Strike
1-1: Called Strike
1-2: Ball
2-2: Strikes out swinging, 2-3 out at first.
Batting: RHB Vernon Armstead 0-0: Hit by Pitch
Batting: LHB Chris Stropolo 0-0: Called Strike
0-1: Fielders Choice at 2nd, 3-6 (Groundball, 34, EV 79.4 MPH)
Batting: RHB Dave C Anderson 0-0: Ball
1-0: 2-RUN HOME RUN (Flyball, 7LD, EV 103.8 MPH), Distance : 361 ft
Batting: SHB Mike D Young 0-0: Swinging Strike
0-1: Ball
1-1: Foul Ball, location: 2F
1-2: SINGLE (Line Drive, 34, EV 99.4 MPH)
Batting: LHB Mike Laga 0-0: Called Strike
0-1: Ball
1-1: Ground out U3 (Groundball, 34S, EV 85.6 MPH)
Top of the 7th over - 2 runs, 2 hits, 0 errors, 1 left on base; Lakeland 9 - Tampa 3
BOTTOM OF THE 7TH
Tampa Pirates batting - Pitching for Lakeland Pilots : RHP Larry Buckle
Batting: LHB Pedro Nunez 0-0: Swinging Strike
0-1: Foul Ball, location: 2F
0-2: Ball
1-2: Ball
2-2: Foul Ball, location: 2F
2-2: Fly out, F8 (Flyball, 8LS, EV 75.6 MPH)
Batting: LHB David Frederick 0-0: Fly out, F7 (Flyball, 7D, EV 108.8 MPH)
Batting: LHB Alfredo Rodriguez 0-0: Ball
1-0: Called Strike
1-1: Ball
2-1: Ball
3-1: Fly out, F8 (Flyball, 8RS, EV 94.4 MPH)
Bottom of the 7th over - 0 runs, 0 hits, 0 errors, 0 left on base; Lakeland 9 - Tampa 3
TOP OF THE 8TH
Lakeland Pilots batting - Pitching for Tampa Pirates : LHP Mark Riggins
Batting: RHB Victor Saenz 0-0: Ball
1-0: Swinging Strike
1-1: Called Strike
1-2: Strikes out looking
Batting: RHB Kevin McGann 0-0: Ball
1-0: Ball
2-0: Foul Ball, location: 2F
2-1: Swinging Strike
2-2: Foul Ball, location: 2F
2-2: Ground out 6-3 (Groundball, 6M, EV 83.1 MPH)
Batting: SHB Alphonso Eiland 0-0: Ball
1-0: Foul Ball, location: 2F
1-1: Swinging Strike
1-2: Strikes out swinging
Top of the 8th over - 0 runs, 0 hits, 0 errors, 0 left on base; Lakeland 9 - Tampa 3
BOTTOM OF THE 8TH
Tampa Pirates batting - Pitching for Lakeland Pilots : RHP Larry Buckle
Batting: RHB Rico Sutton 0-0: Swinging Strike
0-1: Swinging Strike
0-2: Strikes out looking
Batting: RHB Dale Eiler 0-0: Fly out, F7 (Line Drive, 7, EV 109.4 MPH)
Batting: RHB Roy Dixon 0-0: Called Strike
0-1: Called Strike
0-2: Ball
1-2: Ball
2-2: Foul Ball, location: 2F
2-2: Ball
3-2: Base on Balls
Batting: LHB Charles Rouse 0-0: Foul Ball, location: 2F
0-1: Foul Ball, location: 2F
0-2: Strikes out swinging
Bottom of the 8th over - 0 runs, 0 hits, 0 errors, 1 left on base; Lakeland 9 - Tampa 3
TOP OF THE 9TH
Lakeland Pilots batting - Pitching for Tampa Pirates : LHP Mark Riggins
Batting: RHB Juan Espino 0-0: Ball
1-0: Ball
2-0: Ball
3-0: Called Strike
3-1: Base on Balls
Pitching: RHP Eugene Norman
Batting: RHB Vernon Armstead 0-0: Called Strike
0-1: Ball
1-1: Ball
2-1: Foul Ball, location: 2F
2-2: Fly out, F8 (Flyball, 8RD, EV 82.5 MPH)
Batting: LHB Chris Stropolo 0-0: Called Strike
0-1: Foul Ball, location: 2F
0-2: Foul Ball, location: 2F
0-2: SINGLE (Groundball, 25, EV 66.9 MPH) (infield hit)
Juan Espino to second
Batting: RHB Dave C Anderson 0-0: Called Strike
0-1: Ball
1-1: 3-RUN HOME RUN (Flyball, 7D, EV 113.1 MPH), Distance : 371 ft
Batting: SHB Mike D Young 0-0: Ball
1-0: Ball
2-0: Ball
3-0: Base on Balls
Pinch Hitting: RHB Dave Hostetler 0-0: Ball
1-0: Ball
2-0: 2-RUN HOME RUN (Flyball, 7D, EV 103.1 MPH), Distance : 381 ft
Pitching: LHP Steven Lerner
Batting: RHB Victor Saenz 0-0: Ball
1-0: Ball
2-0: Foul Ball, location: 2F
2-1: DOUBLE (Flyball, 8RXD, EV 97.5 MPH)
Batting: RHB Kevin McGann 0-0: SINGLE (Groundball, 6MD, EV 96.3 MPH)
Victor Saenz to third
Runner from 3rd tries for Home, SAFE, throw by CF to home
Batting: SHB Alphonso Eiland 0-0: Foul Ball, location: 2F
0-1: Foul Ball, location: 2F
0-2: Strikes out swinging
Pinch Hitting: RHB Dennis Delany 0-0: Called Strike
0-1: Foul Ball, location: 2F
0-2: Foul Ball, location: 2F
0-2: DOUBLE (Line Drive, 8RD, EV 113.8 MPH)
Kevin McGann to third
Runner from 3rd tries for Home, SAFE, no throw by CF
Batting: RHB Vernon Armstead 0-0: Fly out, F8 (Flyball, 8LXD, EV 96.9 MPH)
Top of the 9th over - 7 runs, 6 hits, 0 errors, 1 left on base; Lakeland 16 - Tampa 3
BOTTOM OF THE 9TH
Tampa Pirates batting - Pitching for Lakeland Pilots : RHP Larry Buckle
Now at C: Dennis Delany
Now at 1B: Dave Hostetler
Pinch Hitting: RHB Gregg Creten 0-0: Ball
1-0: Ball
2-0: Foul Ball, location: 2F
2-1: Ball
3-1: Swinging Strike
3-2: Strikes out looking
Batting: RHB Ricky Jones 0-0: Ball
1-0: Foul Ball, location: 2F
1-1: Ball
2-1: Swinging Strike
2-2: Fly out, F8 (Flyball, 8RD, EV 99.4 MPH)
Pinch Hitting: RHB Jeffrey Narleski 0-0: Ball
1-0: Called Strike
1-1: Ground out 4-3 (Groundball, 4, EV 90.6 MPH)
Bottom of the 9th over - 0 runs, 0 hits, 0 errors, 0 left on base; Lakeland 16 - Tampa 3
Thursday, July 30th, 2020 - OOTP Baseball 21.5 Build 71